 Dungeon Crawl Stone Soup version 0.24-a0-639-gb70a11d811 (webtiles) character file.

Game seed: 11319662354419961943, levelgen mode: deterministic

440 Peloso the Shield-Bearer (level 6, 0/55 HPs)
             Began as a Minotaur Fighter on Sept 21, 2019.
             Slain by an orc wizard
             ... wielding a +0 dagger
              (1 damage)
             ... on level 4 of the Dungeon.
             The game lasted 00:07:55 (2845 turns).

Peloso the Shield-Bearer (Minotaur Fighter)         Turns: 2845, Time: 00:07:56

Health: 0/55       AC:  7    Str: 21    XL:     6   Next: 70%
Magic:  5/5        EV:  8    Int:  3    God:
Gold:   142        SH: 10    Dex: 11    Spells: 5/5 levels left

rFire    . . .     SeeInvis .   a - +0 long sword
rCold    . . .     Gourm    .   c - +0 shield
rNeg     . . .     Faith    .   b - +0 scale mail
rPois    .         Spirit   .   (helmet unavailable)
rElec    .         Reflect  .   (no cloak)
rCorr    .         Harm     .   (no gloves)
MR       .....     Clarity  +   (no boots)
Stlth    ..........             (no amulet)
HPRegen  0.18/turn              (no ring)
MPRegen  0.09/turn              (no ring)

@: starving
A: retaliatory headbutt, horns 3, clarity, dopey 1
a: no special abilities


You were on level 4 of the Dungeon.
You were starving.

You visited 2 branches of the dungeon, and saw 5 of its levels.

You collected 142 gold pieces.

Inventory:

Hand Weapons
 a - a +0 long sword (weapon)
Armour
 b - a +0 scale mail (worn)
 c - a +0 shield (worn)
Jewellery
 l - an uncursed amulet of faith {unknown}
 r - an uncursed ring of wizardry {unknown}
Scrolls
 e - 4 scrolls of teleportation {unknown}
 g - a scroll of amnesia {unknown}
 h - 2 scrolls of immolation {unknown}
 i - a scroll of fear
 k - a scroll of blinking {unknown}
 n - 2 scrolls of remove curse {unknown}
 o - 3 scrolls of magic mapping {unknown}
 q - 2 scrolls of identify
Potions
 d - a potion of might
 j - 3 potions of flight
 m - a potion of haste
Comestibles
 f - 8 rations


   Skills:
 + Level 4.9 Fighting
 + Level 4.9 Long Blades
 + Level 5.3 Armour
 + Level 1.0 Dodging
 + Level 0.4 Stealth
 + Level 6.0 Shields


You had 5 spell levels left.
You didn't know any spells.
Your spell library was empty.

Dungeon Overview and Level Annotations

Branches:
Dungeon (4/15)             Temple (1/1) D:4

Altars:
Ashenzari
Cheibriados
Elyvilon
Fedhas
Kikubaaqudgha
Makhleb
Okawaru
Qazlal
Ru
Sif Muna
Trog
Uskayaw
Vehumet
Wu Jian
Xom
Yredelemnul
Zin
The Shining One


Innate Abilities, Weirdness & Mutations

You reflexively headbutt those who attack you in melee.
You have a pair of large horns on your head.
You possess an exceptional clarity of mind.
You are dopey. (Int -2)


Message History

The orc priest miscasts a cantrip.
The orc closely misses you.
You riposte.
You closely miss the orc.
The orc is heavily wounded.
You block the orc's attack.
You hit the orc priest but do no damage.
The orc priest is moderately wounded.
You hear some strange, mumbled words.
A magic dart appears from out of thin air!
The magic dart hits you.
The orc priest calls down the wrath of Beogh upon you.
Beogh smites you!
* * * LOW HITPOINT WARNING * * *
You block the orc's attack. x2; Something hits you.
* * * LOW HITPOINT WARNING * * *
It was a potion of mutation.
You feel extremely strange.
Your thoughts seem clearer.
You feel stupid. The horns on your head grow some more.
The orc priest hits you but does no damage.
You block the orc's attack. Something hits you.
You die...

## #######..
#####.......###
............#..
.8.......8.....## #####.
............#.... ......
.8.......8..#...##......
....!)%.....#..o@<......
.8..._...8.....oo{.......
....###..................
.........######..........
...........oo..#.........
##........oo##.#..##..###
#..........#............
#...........#..##..##.##
#.###.......#..###.##.#


You could see an orc priest and 2 orcs.

Vanquished Creatures
  Sigmund (D:2)
  An ogre (D:4)
  A howler monkey (D:4)
  2 orc wizards (D:3)
  An iguana (D:4)
  An adder (D:2)
  2 worms (D:3)
  2 dart slugs
  A leopard gecko (D:2)
  2 orcs
  4 bats
  2 giant cockroaches (D:1)
  4 goblins
  4 hobgoblins
  2 jackals (D:3)
  A quokka (D:3)
  A ball python (D:2)
  5 frilled lizards
  6 kobolds
  A quokka skeleton (D:4)
  9 rats
53 creatures vanquished.

Notes
Turn   | Place    | Note
-------+----------+-------------------------------------------
     0 | D:1      | Peloso the Minotaur Fighter began the quest for the Orb.
     0 | D:1      | Reached XP level 1. HP: 19/19 MP: 0/0
   444 | D:1      | Reached XP level 2. HP: 27/27 MP: 1/1
   790 | D:2      | Reached skill level 4 in Shields
   826 | D:2      | Found a white marble altar of Elyvilon.
   958 | D:2      | Noticed Sigmund
   969 | D:2      | Killed Sigmund
   969 | D:2      | Reached skill level 5 in Shields
   969 | D:2      | Reached XP level 3. HP: 4/34 MP: 2/2
   969 | D:2      | Reached XP level 4. HP: 4/41 MP: 3/3
   969 | D:2      | Reached XP level 5. HP: 5/47 MP: 4/4
  1472 | D:2      | Found a bloodstained altar of Trog.
  2027 | D:3      | Reached skill level 5 in Armour
  2027 | D:3      | Reached XP level 6. HP: 39/53 MP: 5/5
  2292 | D:3      | Found a shimmering blue altar of Sif Muna.
  2522 | D:4      | Found a staircase to the Ecumenical Temple.
  2590 | Temple   | Entered the Ecumenical Temple
  2704 | D:4      | Found a hide-covered altar of Uskayaw.
  2724 | D:4      | Reached skill level 1 in Dodging
  2729 | D:4      | Reached skill level 6 in Shields
  2844 | D:4      | HP: 1/55 [something (2)]
  2845 | D:4      | Gained mutation: You possess an exceptional clarity of
                  | mind. [potion of mutation]
  2845 | D:4      | Gained mutation: You are dopey. (Int -2) [potion of
                  | mutation]
  2845 | D:4      | Gained mutation: You have a pair of large horns on your
                  | head. [potion of mutation]
  2845 | D:4      | Slain by an orc wizard

Levels and vault maps discovered:
D:1:      noname_arrival_rooms_in_the_neighbourhood, layout_basic, st_stairs_9,
          minmay_tetromino_s2
D:2:      minmay_inner_zag, layout_basic, elyvilon_altar_4, bloody_trog,
          uniq_sigmund
D:3:      layout_basic, nicolae_overflow_crystal_walls, first_ration
D:4:      minmay_skewed_foursquare, layout_basic,
          eat_drink_and_be_merry_uskayaw, minmay_temple_entry_butterflies
Temple:   eino_temple_water

Skill      XL: |  1  2  3  4  5  6 |
---------------+-------------------+-----
Shields        | 5 6 |  6.0
Fighting       | 4 |  4.9
Armour         | 4 5 |  5.3
Long Blades    | 3 4 |  4.9
Dodging        | 1 |  1.0
Stealth        | |  0.4

Action                   |  1- 3 |  4- 6 || total
-------------------------+-------+-------++-------
Melee: Long sword        |    47 |    86 ||   133
       Headbutt          |    13 |    13 ||    26
  Use: Scroll            |       |     4 ||     4
       Potion            |       |     1 ||     1
  Eat: Chunk             |       |     4 ||     4
Armor: Scale mail        |    14 |    28 ||    42
Dodge: Dodged            |    16 |    28 ||    44
Block: Shield            |    30 |    46 ||    76
       Rpst.: Long sword |     3 |     7 ||    10

Table legend:
 A = Non-vault XP
 B = Vault XP
 C = Vault XP percentage of total XP
 D = Non-vault monster count
 E = Vault monster count
 F = Vault count percentage of total count
                 A         B        C        D         E       F
            +---------+---------+-------+---------+---------+-------
      Total |     378 |     251 |  39.9 |      43 |      10 |  18.9
            +---------+---------+-------+---------+---------+-------
        D:1 |      12 |       5 |  29.4 |       9 |       3 |  25.0
        D:2 |      28 |     246 |  89.8 |       9 |       7 |  43.8
        D:3 |     119 |       0 |   0.0 |      20 |       0 |   0.0
        D:4 |     219 |       0 |   0.0 |       5 |       0 |   0.0
            +---------+---------+-------+---------+---------+-------
